 Dungeon Crawl Stone Soup version 0.26.1-11-gd32895ea62 (webtiles) character file.

Game seed: 6784171237355408563

5014 Jerry the Basher (level 10, -10/102 HPs)
             Began as a Troll Berserker on June 22, 2021.
             Was an Elder of Trog.
             Mangled by a wyvern (16 damage)
             ... on level 10 of the Dungeon.
             The game lasted 00:43:12 (8972 turns).

Jerry the Basher (Troll Berserker)                  Turns: 8972, Time: 00:43:13

Health: -10/102    AC:  8    Str: 27    XL:     10   Next: 30%
Magic:  0/9        EV: 11    Int:  6    God:    Trog [****..]
Gold:   440        SH:  0    Dex:  9    Spells: 9/9 levels left

rFire    . . .     SeeInvis .   b - +1 mace (vorpal)
rCold    . . .     Faith    .   (no shield)
rNeg     . . .     Spirit   +   n - +2 robe {Will+}
rPois    +         Reflect  .   (helmet restricted)
rElec    .         Harm     .   (no cloak)
rCorr    +         Rampage  .   (gloves unavailable)
Will     +....                  (boots unavailable)
Stlth    +.........             z - amulet of guardian spirit
HPRegen  0.67/turn              y - ring of resist corrosion
MPRegen  0.11/turn              h - ring of poison resistance

@: about to teleport, berserk cooldown, slowed, very slow
A: large, unfitting armour, claws 3, regeneration 1, shaggy fur 1, tough skin 3
a: Renounce Religion, Berserk, Trog's Hand, Brothers in Arms


You were on level 10 of the Dungeon.
You worshipped Trog.
Trog was greatly pleased with you.
You visited 2 branches of the dungeon, and saw 11 of its levels.

You collected 500 gold pieces.
You spent 60 gold pieces at shops.

Inventory:

Hand Weapons
 b - a +1 vorpal mace (weapon)
 u - a +0 whip
Missiles
 k - 15 poisoned darts (quivered)
 m - 3 throwing nets
Armour
 n - a +2 robe of willpower (worn)
 p - a +0 kite shield
Magical Staves
 C - an uncursed staff of poison {unknown}
Jewellery
 h - a ring of poison resistance (right claw)
 y - a ring of resist corrosion (left claw)
 z - an amulet of guardian spirit (around neck)
Wands
 A - a wand of polymorph (10)
Scrolls
 e - 5 scrolls of teleportation
 f - 6 scrolls of identify
 o - 9 scrolls of remove curse
 x - 4 scrolls of magic mapping
Potions
 c - 4 potions of curing
 d - a potion of magic
 g - 2 potions of heal wounds
 i - 2 potions of cancellation {unknown}
 j - 4 potions of brilliance {unknown}
 l - a potion of resistance {unknown}
 r - a potion of mutation {unknown}
 s - 2 potions of flight {unknown}
 t - 5 potions of haste {unknown}
 v - a potion of invisibility {unknown}


   Skills:
 + Level 7.3 Fighting
 + Level 8.3 Maces & Flails
 - Level 5.1 Dodging
 - Level 1.1 Stealth
 + Level 6.4 Shields


You had 9 spell levels left.
You didn't know any spells.
Your spell library was empty.

Dungeon Overview and Level Annotations

Branches:
Dungeon (10/15)            Temple (1/1) D:4            Lair (0/6) D:10
    Orc (0/2) D:9

Altars:
Ashenzari
Cheibriados
Dithmenos
Elyvilon
Fedhas
Gozag
Hepliaklqana
Kikubaaqudgha
Makhleb
Nemelex Xobeh
Okawaru
Qazlal
Ru
Sif Muna
Trog
Uskayaw
Vehumet
Wu Jian
Xom
Yredelemnul
Zin
The Shining One

Shops:
D:6 !}[   D:10 :

Annotations:
D:5 2 runed translucent doors, zorgos's ghost, amateur MiFi


Innate Abilities, Weirdness & Mutations

You are too large for most types of armour.
You have claws for hands.
Your natural rate of healing is unusually fast.
You are covered in fur. (AC +1)
You have extremely tough skin. (AC +3)


Message History

The wyvern bites you! The wyvern bites you.
You barely miss the wyvern.
The wyvern is almost dead.
The wyvern barely misses you. The wyvern bites you!
* * * LOW HITPOINT WARNING * * *
The water moccasin closely misses you. The wyvern bites you!
* * * LOW HITPOINT WARNING * * *
Okay, then.
You feel much better. The water moccasin barely misses you.
The wyvern bites you!!
* * * LOW HITPOINT WARNING * * *
The water moccasin bites you but does no damage.
The wyvern barely misses you.
As you read the scroll of teleportation, it crumbles to dust.
You feel strangely unstable.
The water moccasin completely misses you.
The wyvern closely misses you. The water moccasin bites you!
* * * LOW HITPOINT WARNING * * *
The wyvern bites you!
You die...

P.$........ P.P......#.#
.......♣.#.# ...P...P.#.#
.>...P.....#####
..P..♣.♣...l.ll#
................####l# #####
...!.......lS#.####.#####....
...P.P..P..@...........#.###
.♣.........#.##.#.........)
lP...P..#.#....#..##.#...#
#.....###.#...)...##.....#
#...## #†##...##.####....
#...# #....#..........##
#####...#####.#.##.....#.....#
.........lS....##......#.....#
.
..>........l..........)......#


You could see a water moccasin and a wyvern.

Vanquished Creatures
  Joseph (D:9)
  4 wyverns (D:10)
  A steam dragon (D:10)
  A warg (D:9)
  3 water moccasins (D:10)
  5 ice beasts
  An orc warrior (D:10)
  A black bear (D:7)
  A phantom (D:8)
  A necrophage (D:9)
  3 ogres
  2 wolves (D:10)
  4 centaurs
  2 bullfrogs (D:7)
  A gnoll sergeant (D:8)
  3 scorpions
  5 killer bees (D:9)
  2 wights (D:9)
  A howler monkey (D:8)
  4 hounds
  8 orc priests
  13 orc wizards
  2 centaur skeletons
  An iguana (D:4)
  5 worker ants
  A killer bee zombie (D:8)
  4 hound skeletons
  2 worker ant zombies (D:7)
  Robin (D:4)
  6 gnolls
  6 adders
  2 white imps (D:6)
  3 ufetubi
  2 oozes (D:3)
  An adder skeleton (D:5)
  An adder zombie (D:5)
  2 worms
  3 dart slugs (D:2)
  7 leopard geckos
  35 orcs
  8 giant cockroaches
  11 goblins (D:3)
  8 hobgoblins
  4 jackals (D:2)
  5 kobolds
  3 quokkas
  A ball python (D:2)
  5 bats
  A frilled lizard (D:2)
  2 gnoll zombies (D:4)
  A jackal skeleton (D:5)
  A leopard gecko zombie (D:9)
  A quokka zombie (D:7)
  5 rats
207 creatures vanquished.

Vanquished Creatures (others)
  A rat (D:1)
  3 fungi (D:10)
  10 plants (D:10)
14 creatures vanquished.

Grand Total: 221 creatures vanquished

Notes
Turn   | Place    | Note
-------+----------+-------------------------------------------
     0 | D:1      | Jerry the Troll Berserker began the quest for the Orb.
     0 | D:1      | Reached XP level 1. HP: 22/22 MP: 0/0
   260 | D:1      | Reached XP level 2. HP: 29/29 MP: 1/1
   436 | D:2      | Reached skill level 3 in Maces & Flails
   661 | D:2      | Reached XP level 3. HP: 27/36 MP: 2/2
  1028 | D:2      | Reached ** piety under Trog
  1108 | D:2      | Reached XP level 4. HP: 44/44 MP: 3/3
  1419 | D:3      | Reached skill level 1 in Stealth
  1952 | D:4      | Noticed Robin
  1958 | D:3      | Reached XP level 5. HP: 53/53 MP: 4/4
  2013 | D:3      | Reached skill level 4 in Maces & Flails
  2056 | D:4      | Killed Robin
  2236 | D:4      | Reached *** piety under Trog
  2262 | D:4      | Found a basalt altar of Yredelemnul.
  2469 | D:4      | Found a staircase to the Ecumenical Temple.
  2567 | D:4      | Reached XP level 6. HP: 61/61 MP: 5/5
  2634 | D:4      | Reached skill level 1 in Shields
  2824 | D:5      | Entered Level 5 of the Dungeon
  2935 | D:5      | Found a large runed translucent door.
  2936 | D:5      | Found a large runed translucent door.
  3054 | D:5      | Reached XP level 7. HP: 55/68 MP: 6/6
  3191 | D:5      | Found a stormy altar of Qazlal.
  3367 | D:5      | Found a blossoming altar of Fedhas.
  3370 | D:5      | Found an opulent altar of Gozag.
  3373 | D:5      | Found a sacrificial altar of Ru.
  3374 | D:5      | Found a glowing golden altar of the Shining One.
  3375 | D:5      | Found an iron altar of Okawaru.
  3376 | D:5      | Found a bloodstained altar of Trog.
  3377 | D:5      | Found a burning altar of Makhleb.
  3378 | D:5      | Found an ornate altar of the Wu Jian Council.
  3445 | D:5      | Noticed zorgos's ghost (amateur MiFi)
  3561 | Temple   | Entered the Ecumenical Temple
  3718 | D:6      | You fall into a shaft and drop 2 floors!
  3898 | D:8      | Reached skill level 5 in Maces & Flails
  4716 | D:6      | Found Ymuen's Armour Emporium.
  4762 | D:6      | Reached XP level 8. HP: 77/79 MP: 7/7
  4783 | D:6      | Found Uxiretse's Gadget Boutique.
  5191 | D:6      | Found Lugelus's Distillery.
  5194 | D:6      | Bought a potion of degeneration for 15 gold pieces
  5194 | D:6      | Bought a potion of curing for 45 gold pieces
  5953 | D:8      | Found a radiant altar of Vehumet.
  6000 | D:7      | Reached skill level 5 in Dodging
  6145 | D:8      | Reached skill level 5 in Fighting
  6683 | D:9      | Reached skill level 6 in Maces & Flails
  7111 | D:9      | Reached XP level 9. HP: 85/88 MP: 3/8
  7231 | D:9      | Found a staircase to the Orcish Mines.
  7283 | D:9      | Found a snail-covered altar of Cheibriados.
  7316 | D:9      | Noticed Joseph
  7353 | D:9      | Killed Joseph
  7358 | D:9      | Reached skill level 7 in Maces & Flails
  7395 | D:9      | Reached skill level 5 in Shields
  7467 | D:9      | Reached **** piety under Trog
  8131 | D:9      | Found a burning altar of Makhleb.
  8179 | D:10     | Entered Level 10 of the Dungeon
  8569 | D:10     | Found Xenase's Book Emporium.
  8621 | D:10     | Reached XP level 10. HP: 42/100 MP: 4/9
  8723 | D:10     | Found a staircase to the Lair.
  8767 | D:10     | Reached skill level 8 in Maces & Flails
  8972 | D:10     | Mangled by a wyvern

Illustrated notes

Levels and vault maps discovered:
D:1:      amcnicky_arrival_double_pillar, layout_rooms, lemuel_another_geyser
D:2:      layout_basic
D:3:      layout_loops_ring
D:4:      layout_gridville, lemuel_zombie_altar_yredelemnul,
          minmay_temple_entry_stoned_glass, grunt_decor_fettered,
          minmay_splitting_lines, uniq_robin
D:5:      layout_cave_pools, minitemple, ebering_ghost_disaster_area,
          basic_altar
D:6:      layout_rooms, serial_corexii_hall, chequers_hall_statues_y,
          chequers_hall_statues_wall_a, serial_shops, nicolae_shop_crystal,
          nicolae_shop_statue_plus, kennysheep_mini
D:7:      layout_basic
D:8:      layout_gridville, lemuel_crystal_altar, grunt_decor_one_mirror,
          kennysheep_flooded_box, eino_tiny_chamber
D:9:      layout_basic, david_orc_3, basic_altar, makhleb_blood_cavern_becter,
          uniq_joseph
D:10:     layout_loops_cross, minmay_lair_entry_grove, serial_shops, shop
Temple:   nicolae_temple_hex_pool

Skill      XL: |  1  2  3  4  5  6  7  8  9 10 |
---------------+-------------------------------+-----
Maces & Flails | 3 4 5 6 7 8 |  8.3
Fighting       | 3 4 5 6 7 |  7.3
Dodging        | 3 4 5 |  5.1
Stealth        | 1 |  1.1
Shields        | 1 2 4 5 6 |  6.4

Action                   |  1- 3 |  4- 6 |  7- 9 | 10-12 || total
-------------------------+-------+-------+-------+-------++-------
Melee: Mace              |   112 |   184 |       |    57 ||   353
       Whip              |       |    32 |   940 |       ||   972
Throw: Dart              |       |       |     3 |       ||     3
Invok: Trog's Hand       |       |       |    12 |     3 ||    15
       Berserk           |       |       |    19 |     3 ||    22
Evoke: Wand              |       |       |     1 |       ||     1
  Use: Scroll            |       |       |    13 |     2 ||    15
       Potion            |       |       |       |     1 ||     1
 Stab: Sleeping          |       |     1 |     1 |       ||     2
Armor: Animal skin       |    91 |    81 |   233 |       ||   405
       Robe              |       |       |    23 |    14 ||    37
Dodge: Dodged            |    97 |   132 |   431 |    37 ||   697
